 Dungeon Crawl Stone Soup version 0.31-b1-22-gc680215f68 (webtiles) character file.

Game seed: 14798728685680670656

65 Aldia the Changeling (level 4, -6/49 HPs)
             Began as a Merfolk Shapeshifter on Jan 19, 2024.
             Mangled by a gnoll sergeant
             ... wielding a +0 spear of distortion
              (19 damage)
             ... on level 2 of the Dungeon.
             The game lasted 00:01:46 (1499 turns).

Aldia the Changeling (Merfolk Shapeshifter)         Turns: 1499, Time: 00:01:47

Health: -6/49      AC: 22    Str: 16    XL:     4   Next: 13%
Magic:  4/4        EV:  2    Int:  9    God:
Gold:   62         SH:  0    Dex: 13    Spells: 3/3 levels left

rFire   . .          .
                       - Unarmed
rCold   + . .        (no shield)
rNeg    . . .        a - melded +0 animal skin
rPois   +            (helmet currently unavailable)
rElec   .            (cloak currently unavailable)
rCorr   .            (gloves currently unavailable)
SInv    .            (boots currently unavailable)
Will    .....        (no amulet)
Stlth   +            k - ring of protection from cold
HPRegen 0.28/turn    (no ring)
MPRegen 0.09/turn

%: no passive effects
@: tree-form
A: stationary, stasis, torment immunity, boosted hp, (nimble swimmer 2),
(mertail)
a: no special abilities


You were on level 2 of the Dungeon.
You were a tree.
You visited 1 branch of the dungeon, and saw 2 of its levels.

You collected 62 gold pieces.

Inventory:

Armour
 a - a +0 animal skin (melded)
 i - a +0 helmet
Jewellery
 k - a ring of protection from cold (left branch)
Talismans
 c - a beast talisman
 d - a flux talisman
 j - a blade talisman
Scrolls
 e - a scroll of vulnerability
 f - a scroll of noise {unknown}
 l - a scroll of teleportation {unknown}
Potions
 b - 2 potions of lignification
 g - a potion of heal wounds {unknown}
 h - a potion of brilliance {unknown}


   Skills:
 + Level 2.0 Fighting
 + Level 3.4 Dodging
 * Level 4.2 Unarmed Combat
 + Level 4.5 Shapeshifting


You had 3 spell levels left.
You didn't know any spells.
Your spell library was empty.

Dungeon Overview and Level Annotations

Branches:
Dungeon (2/15)

Altars:


Innate Abilities, Weirdness & Mutations

You are a tree.
Your roots penetrate the ground, keeping you stationary.
You cannot be teleported.
You are immune to unholy pain and torment.
Your maximum health is greatly increased.
Your equipment is partially melded.
((You are very nimble when in or above water. (Stealth+, EV+, Speed+++)))
((Your lower body shifts to a powerful aquatic tail in water.))


Message History

Your transformation is almost over.
You feel less wooden.
Your +0 animal skin unmelds from your body.
You turn into a hulking beast.
You start resting.
HP restored.
Found a hand axe.
You open the door.
A gnoll sergeant comes into view.
It is wielding a +0 spear of distortion and wearing a +0 ring mail of cold resistance.
Found the +5 woodcutter's axe.
There is an open door here.
The gnoll sergeant hits you with a +0 spear of distortion!
You blink.
Unknown command.
You see here a +0 whip.
A hobgoblin comes into view.
The hobgoblin shouts!
The hobgoblin hits you.
You hit the hobgoblin.
The hobgoblin is almost dead.
The hobgoblin misses you.
You closely miss the hobgoblin.
The hobgoblin is almost dead.
The hobgoblin hits you.
You punch the hobgoblin!
You kill the hobgoblin!
You see here a hobgoblin corpse.
The gnoll sergeant barely misses you.
Your transformation has ended.
You turn into a tree.
Your +0 animal skin melds into your body.
Your roots penetrate the ground.
The gnoll sergeant hits you but does no damage.
Space warps horribly around you!!
You smack the gnoll sergeant!
The gnoll sergeant is severely wounded.
The gnoll sergeant hits you with a +0 spear of distortion.
* * * LOW HITPOINT WARNING * * *
Space warps horribly around you!!
You die...

.# .#
.###########
.....g...g.#
..########.#
.....# #.#
..##.# #.# .## #
#.######## .#
#...†.g♣.# .#
########.# .#
#######.# .#
#.......# .#
#.######.#######
........†.#
########..# #..#
#..#


You could see a gnoll sergeant.

Vanquished Creatures
  2 gnolls (D:2)
  2 adders (D:2)
  A dart slug (D:2)
  2 bats (D:1)
  3 endoplasms (D:1)
  3 goblins (D:1)
  3 hobgoblins
  2 kobolds
  5 ball pythons
  A frilled lizard (D:1)
  3 rats
27 creatures vanquished.

Notes
Turn   | Place    | Note
-------+----------+-------------------------------------------
     0 | D:1      | Aldia the Merfolk Shapeshifter began the quest for the Orb.
     0 | D:1      | Reached XP level 1. HP: 15/15 MP: 1/1
   144 | D:1      | Reached XP level 2. HP: 8/21 MP: 2/2
   316 | D:1      | Found a faded altar of an unknown god.
  1133 | D:2      | Reached XP level 3. HP: 25/27 MP: 3/3
  1385 | D:2      | Reached XP level 4. HP: 28/33 MP: 4/4
  1452 | D:2      | Found the +5 woodcutter's axe
  1452 | D:2      | Noticed a gnoll sergeant
  1499 | D:2      | Mangled by a gnoll sergeant

Illustrated notes

Levels and vault maps discovered:
D:1:      dpeg_arrival_arbitrary_a, layout_loops_corners,
          shapermc_ecumenical_altar_notcrosses, minmay_small_reverse_x
D:2:      layout_loops_ring, pf_guarded_unrand_woodcutter

Skill      XL: |  1  2  3 |
---------------+----------+-----
Dodging        | 3 |  3.4
Unarmed Combat | 4 |  4.2
Fighting       | 2 |  2.0
Shapeshifting  | |  4.5

Action                     |  1- 3 |  4- 6 || total
---------------------------+-------+-------++-------
  Melee: Unarmed           |    67 |     4 ||    71
    Use: Scroll            |     1 |       ||     1
         Potion            |     1 |     1 ||     2
   Stab: Sleeping          |     1 |       ||     1
 Armour: Animal skin       |    29 |     3 ||    32
         Skin              |     2 |     2 ||     4
  Dodge: Dodged            |    49 |     2 ||    51
